Influenza vs Griffins (R2)

Created - May 18, 2019 at 19:02

Goals
1 2 3 T
Influenza 1 1 3 5
Griffins 1 1 1 3
Shots
1 2 3 T
Influenza 14 10 7 31
Griffins 16 3 10 29

1st period

1. Griffins , Keith Seabrook 1 (Mark Jankowski 1, J.T. Brown 4) at 17:26
2. Influenza , Mark Olver 2 (Alex Killorn 4, Jeremy Duchesne) at 18:18 (PP)

Penalties :
Mirco Mueller (Cap) for Hooking (Minor) at 18:07

2nd period

3. Griffins , Connor Brown 2 (Ty Wishart 3, Jean-Francois Berube) at 2:12 (PP)
4. Influenza , Anthony Mantha 2 (Jake Guentzel 4, Jimmy Vesey 2) at 6:50

Penalties :
Iiro Pakarinen (VJB) for Hooking (Minor) at 1:31, Ian McCoshen (Cap) for Tripping (Minor) at 7:46, Tye McGinn (Cap) for Tripping (Minor) at 12:23, Keith Seabrook (Cap) for Hooking (Minor) at 14:46, Anthony Mantha (VJB) for Roughing (Minor) at 15:35, Marko Dano (Cap) for Tripping (Minor) at 17:57

3rd period

5. Griffins , Quinton Howden 2 (Robert Dome 2, Ben Hanowski 3) at 2:41
6. Influenza , Tom Kuhnhackl 1 (Jacob Josefson 1, Luca Sbisa 3) at 11:53
7. Influenza , Iiro Pakarinen 3 (Alex Killorn 5) at 15:40
8. Influenza , Tim Erixon 1 (Alex Killorn 6) at 15:51

Penalties :
Tom Kuhnhackl (VJB) for Slashing (Minor) at 4:55, Mirco Mueller (Cap) for Interference (Minor) at 9:07, Calvin de Haan (VJB) for Hooking (Minor) at 17:28

Goalie Stats

Jeremy Duchesne (VJB), 26 saves from 29 shots - (0.897), W, 3-1-1, 60:00 minutes
Jean-Francois Berube (Cap), 26 saves from 31 shots - (0.839), L, 3-2-0, 60:00 minutes

Players Stats for Influenza

Player Name              G  A  P  +/- PIM S  H  SB GA TA FO     MP     PP MP  PK MP  
------------------------------------------------------------------------------------
Alex Killorn             0  3  3   2  0   4  3  1  1  0  5/6    24:27   4:50   3:12 
Andre Burakovsky         0  0  0   0  0   0  1  1  0  0  1/1    11:12   0:00   0:00 
Anthony Mantha           1  0  1   1  2   3  1  0  0  1  0/0    14:56   3:53   0:00 
Calvin de Haan           0  0  0   1  2   4  2  1  1  1  0/0    29:02   5:10   1:52 
Dmitry Sinitsyn          0  0  0   1  0   0  2  0  0  1  0/0    10:24   0:00   0:50 
Iiro Pakarinen           1  0  1   2  2   4  2  1  1  0  1/2    19:56   4:50   0:00 
Jacob Josefson           0  1  1  -1  0   0  0  0  0  0  1/4     7:07   0:00   0:38 
Jake Guentzel            0  1  1   1  0   2  3  0  2  0  4/14   16:42   3:54   1:28 
Jimmy Vesey              0  1  1   1  0   3  1  0  0  1  1/1    16:42   3:54   1:28 
Jordan Schroeder         0  0  0   0  0   1  2  0  1  1  4/9    11:44   0:12   0:10 
Justin Bailey            0  0  0   0  0   0  1  0  2  0  0/0    11:12   0:00   0:00 
Luca Sbisa               0  1  1   1  0   0  1  0  0  1  0/0     9:34   0:00   0:00 
Lucas Lessio             0  0  0  -1  0   0  1  0  0  0  0/0     7:39   0:12   0:48 
Mark Olver               1  0  1   2  0   5  0  0  1  1  15/31  24:27   4:50   3:12 
Mathieu Carle            0  0  0   1  0   3  2  1  0  0  0/0    29:59   5:10   2:48 
Paul Ladue               0  0  0   0  0   0  4  1  1  2  0/0    21:05   3:46   2:46 
Tim Erixon               1  0  1   0  0   1  1  1  0  2  0/0    20:27   3:46   2:40 
Tom Kuhnhackl            1  0  1  -1  2   1  0  0  0  0  0/0     6:43   0:12   0:00 

Players Stats for Griffins

Player Name              G  A  P  +/- PIM S  H  SB GA TA FO     MP     PP MP  PK MP  
------------------------------------------------------------------------------------
Ben Hanowski             0  1  1   0  0   1  0  1  0  0  1/2    14:51   0:03   4:51 
Brendan Woods            0  0  0   1  0   0  0  0  1  0  0/0     6:12   0:00   0:00 
Bryan Young              0  0  0  -4  0   2  0  2  0  2  0/0    22:41   0:17   5:05 
Connor Brown             1  0  1  -2  0   4  0  0  0  1  0/1    15:52   1:52   0:00 
Ian McCoshen             0  0  0   0  2   0  0  0  0  2  0/0     4:32   0:00   0:00 
J.T. Brown               0  1  1   1  0   4  2  1  0  0  0/0     8:36   0:00   2:21 
Jamie Arniel             0  0  0  -1  0   3  0  0  3  1  21/34  23:20   3:19   5:06 
Keith Seabrook           1  0  1   2  2   2  1  0  1  0  0/0    12:22   2:52   0:00 
Mark Jankowski           0  1  1   1  0   1  1  0  0  0  3/5     7:07   0:00   0:36 
Marko Dano               0  0  0  -2  2   3  1  0  0  0  9/19   16:43   2:09   0:00 
Mirco Mueller            0  0  0   2  4   0  0  0  0  0  0/0     9:13   0:00   0:00 
Nathan Gerbe             0  0  0  -1  0   2  1  0  1  0  0/0    18:36   3:36   0:11 
Nathan Oystrick          0  0  0   0  0   0  0  0  0  0  0/0     5:13   0:17   0:00 
Petr Pohl                0  0  0  -1  0   2  3  0  3  2  0/1    20:09   3:16   1:59 
Petter Granberg          0  0  0   0  0   0  2  0  0  0  0/0    20:07   2:36   3:48 
Quinton Howden           1  0  1   0  0   1  0  0  0  0  1/4     9:35   0:00   0:00 
Robert Dome              0  1  1   0  0   1  0  1  1  0  0/0     9:35   0:00   0:00 
Simon Despres            0  0  0  -4  0   1  3  0  1  1  0/0    24:45   2:36   3:51 
Ty Wishart               0  1  1   0  0   0  0  2  0  1  0/0    21:21   2:35   5:08 
Tye McGinn               0  0  0  -2  2   2  2  0  0  0  1/2    18:58   1:52   2:48 

3 Stars

1 - Alex Killorn (VJB)
2 - Mark Olver (VJB)
3 - Iiro Pakarinen (VJB)

Power Play

Influenza - 1 on 6 Attempt(s) - 16.67%
Griffins - 1 on 4 Attempt(s) - 25.00%

Penalty Kill

Influenza - 3 on 4 Attempt(s) - 75.00% - Score 0 goal in Penalty Kill
Griffins - 5 on 6 Attempt(s) - 83.33% - Score 0 goal in Penalty Kill

Team Stat

Influenza - Hits : 27 - Faceoff Wins : 32 - Blocked Shots : 7 - Penalty Minutes : 8
Griffins - Hits : 16 - Faceoff Wins : 36 - Blocked Shots : 7 - Penalty Minutes : 12

Official

Referees : Unknown
Linesman : Unknown

Game Notes

No Game Note

Finance

Level 1 -- Attendance: 1608 (80.40%) -- Ticket Income $56,280
Level 2 -- Attendance: 905 (90.50%) -- Ticket Income $18,100
Total Attendance: 2513 (83.77%)
Total Ticket Income: $74,380
Other Income: $3,719
Total Income: $78,099

Influenza

5 vs 5 Forward 
   Center                   Left Wing                Right Wing               Time % Phy DF OF 
 1 Mark Olver               Alex Killorn             Iiro Pakarinen           40     1   2  2  
 2 Jake Guentzel            Jimmy Vesey              Anthony Mantha           30     1   2  2  
 3 Jordan Schroeder         Andre Burakovsky         Justin Bailey            20     1   2  2  
 4 Jacob Josefson           Lucas Lessio             Tom Kuhnhackl            10     1   2  2  

5 vs 5 Defense 
   Defense                  Defense                                           Time % Phy DF OF 
 1 Mathieu Carle            Calvin de Haan                                    40     1   2  2  
 2 Paul Ladue               Tim Erixon                                        30     1   2  2  
 3 Luca Sbisa               Dmitry Sinitsyn                                   20     1   2  2  
 4 Mathieu Carle            Calvin de Haan                                    10     1   2  2  

PowerPlay Forward 
   Center                   Left Wing                Right Wing               Time % Phy DF OF 
 1 Mark Olver               Alex Killorn             Iiro Pakarinen           60     1   2  2  
 2 Jake Guentzel            Jimmy Vesey              Anthony Mantha           40     1   2  2  

PowerPlay Defense
   Defense                  Defense                                           Time % Phy DF OF 
 1 Mathieu Carle            Calvin de Haan                                    60     1   2  2  
 2 Paul Ladue               Tim Erixon                                        40     1   2  2  

Penalty Kill 4 Players Forward 
   Center                   Wing                     Time % Phy DF OF 
 1 Alex Killorn             Mark Olver               60     1   2  2  
 2 Jimmy Vesey              Jake Guentzel            40     1   2  2  

Penalty Kill 4 Players Defense
   Defense                  Defense                  Time % Phy DF OF 
 1 Mathieu Carle            Calvin de Haan           60     1   2  2  
 2 Paul Ladue               Tim Erixon               40     1   2  2  

Penalty Kill - 3 Players Forward 
   Forward                                           Time % Phy DF OF 
 1 Alex Killorn                                      60     1   2  2  
 2 Mark Olver                                        40     1   2  2  

Penalty Kill - 3 Players Defense
   Defense                  Defense                  Time % Phy DF OF 
 1 Mathieu Carle            Calvin de Haan           60     1   2  2  
 2 Paul Ladue               Tim Erixon               40     1   2  2  

4 vs 4 Forward 
   Center                   Wing                     Time % Phy DF OF 
 1 Alex Killorn             Mark Olver               60     1   2  2  
 2 Jimmy Vesey              Jake Guentzel            40     1   2  2  

4 vs 4 Defense
   Defense                  Defense                  Time % Phy DF OF 
 1 Mathieu Carle            Calvin de Haan           60     1   2  2  
 2 Paul Ladue               Tim Erixon               40     1   2  2  

Last Minutes Offensive
   Center                   Left Wing                Right Wing               Defense                  Defense                  
   Mark Olver               Alex Killorn             Iiro Pakarinen           Mathieu Carle            Calvin de Haan           

Last Minutes Defensive
   Center                   Left Wing                Right Wing               Defense                  Defense                  
   Mark Olver               Alex Killorn             Iiro Pakarinen           Mathieu Carle            Calvin de Haan           

Goaltenders
Starting : Jeremy Duchesne          
Backup : Thomas McCollum          

Extra Forwards
Normal : Jordan Schroeder, Lucas Lessio, Jacob Josefson - PP : Jordan Schroeder, Lucas Lessio - PK : Jacob Josefson
Extra Defensemen
Normal : Luca Sbisa, Dmitry Sinitsyn, Paul Ladue - PP : Luca Sbisa - PK : Dmitry Sinitsyn, Paul Ladue
Penalty Shots
Alex Killorn, Mark Olver, Jimmy Vesey, Jake Guentzel, Iiro Pakarinen

Scratches
Shane Prince (Healthy), Jeff Corbett (Healthy), Henri Ikonen (Healthy), Johan Larsson (Healthy), Fredric Larsson (Healthy)
Beau Bennett (Healthy), Rocco Grimaldi (Healthy), Josh Andrerson (Healthy), Jesse Graham (Healthy), Tyson Sexsmith (Healthy)

Griffins

5 vs 5 Forward 
   Center                   Left Wing                Right Wing               Time % Phy DF OF 
 1 Jamie Arniel             Nathan Gerbe             Petr Pohl                35     0   2  3  
 2 Marko Dano               Tye McGinn               Connor Brown             35     0   2  3  
 3 Quinton Howden           Robert Dome              Ben Hanowski             20     0   2  3  
 4 Mark Jankowski           Brendan Woods            J.T. Brown               10     0   2  3  

5 vs 5 Defense 
   Defense                  Defense                                           Time % Phy DF OF 
 1 Simon Despres            Bryan Young                                       40     0   2  3  
 2 Petter Granberg          Ty Wishart                                        30     0   3  2  
 3 Mirco Mueller            Keith Seabrook                                    20     0   3  2  
 4 Ian McCoshen             Nathan Oystrick                                   10     1   2  2  

PowerPlay Forward 
   Center                   Left Wing                Right Wing               Time % Phy DF OF 
 1 Jamie Arniel             Nathan Gerbe             Petr Pohl                60     0   1  4  
 2 Marko Dano               Tye McGinn               Connor Brown             40     0   1  4  

PowerPlay Defense
   Defense                  Defense                                           Time % Phy DF OF 
 1 Petter Granberg          Simon Despres                                     60     0   1  4  
 2 Ty Wishart               Keith Seabrook                                    40     0   1  4  

Penalty Kill 4 Players Forward 
   Center                   Wing                     Time % Phy DF OF 
 1 Jamie Arniel             Ben Hanowski             60     1   2  2  
 2 Tye McGinn               J.T. Brown               40     1   2  2  

Penalty Kill 4 Players Defense
   Defense                  Defense                  Time % Phy DF OF 
 1 Ty Wishart               Bryan Young              60     1   2  2  
 2 Petter Granberg          Simon Despres            40     1   2  2  

Penalty Kill - 3 Players Forward 
   Forward                                           Time % Phy DF OF 
 1 J.T. Brown                                        60     1   2  2  
 2 Jamie Arniel                                      40     1   2  2  

Penalty Kill - 3 Players Defense
   Defense                  Defense                  Time % Phy DF OF 
 1 Simon Despres            Bryan Young              60     1   2  2  
 2 Petter Granberg          Simon Despres            40     1   2  2  

4 vs 4 Forward 
   Center                   Wing                     Time % Phy DF OF 
 1 Jamie Arniel             Petr Pohl                50     1   2  2  
 2 Marko Dano               Nathan Gerbe             50     1   2  2  

4 vs 4 Defense
   Defense                  Defense                  Time % Phy DF OF 
 1 Simon Despres            Keith Seabrook           60     1   2  2  
 2 Petter Granberg          Bryan Young              40     1   2  2  

Last Minutes Offensive
   Center                   Left Wing                Right Wing               Defense                  Defense                  
   Jamie Arniel             Nathan Gerbe             Petr Pohl                Connor Brown             Simon Despres            

Last Minutes Defensive
   Center                   Left Wing                Right Wing               Defense                  Defense                  
   Ben Hanowski             Tye McGinn               J.T. Brown               Bryan Young              Simon Despres            

Goaltenders
Starting : Jean-Francois Berube     
Backup : Olivier Roy              

Extra Forwards
Normal : Petr Pohl, Connor Brown, Marko Dano - PP : Ben Hanowski, Robert Dome - PK : Petr Pohl
Extra Defensemen
Normal : Simon Despres, Petter Granberg, Bryan Young - PP : Bryan Young - PK : Petter Granberg, Ty Wishart
Penalty Shots
Nathan Gerbe, Jamie Arniel, Marko Dano, Robert Dome, Petr Pohl

Scratches
Vladislav Namestnikov (Healthy), Garrett Wilson (Healthy), Tanner Kero (Healthy), Greg McKegg (Healthy), Jerome Gauthier-Leduc (Healthy)
Nicholas Baptiste (Healthy), Konrad Abeltshauser (Healthy), Tomas Hyka (Healthy), Brian Hart (Healthy), Anton Slepyshev (Healthy)
Marcus Hogberg (Healthy), Matt Tomkins (Healthy)

% Time on Ice - Influenza

Lines # - Real PCT - Wanted PCT - Time Play
Normal Forward
1 - 35% - 40% - 15:42
2 - 25% - 30% - 11:03
3 - 25% - 20% - 11:12
4 - 15% - 10% - 6:29
Normal Defense
1 - 43% - 40% - 19:14
2 - 30% - 30% - 13:10
3 - 22% - 20% - 9:34
4 - 6% - 10% - 2:28
PP Forward
1 - 56% - 60% - 5:02
2 - 44% - 40% - 3:54
PP Defense
1 - 58% - 60% - 5:10
2 - 42% - 40% - 3:46
PK Forward
1 - 73% - 60% - 4:00
2 - 27% - 40% - 1:28
PK Defense
1 - 51% - 60% - 2:48
2 - 49% - 40% - 2:40
PK3 Forward
1 - 0% - 60%
2 - 0% - 40%
PK3 Defense
1 - 0% - 60%
2 - 0% - 40%
44 Forward
1 - 76% - 60% - 0:53
2 - 24% - 40% - 0:17
44 Defense
1 - 27% - 60% - 0:19
2 - 73% - 40% - 0:51
Last Minute Offensive  - 0:00
Last Minute Defensive  - 0:00
Total
Forward - 60:00
Defense - 60:00

% Time on Ice - Griffins

Lines # - Real PCT - Wanted PCT - Time Play
Normal Forward
1 - 33% - 35% - 14:36
2 - 32% - 35% - 14:03
3 - 22% - 20% - 9:35
4 - 14% - 10% - 6:12
Normal Defense
1 - 39% - 40% - 17:31
2 - 30% - 30% - 13:08
3 - 21% - 20% - 9:14
4 - 10% - 10% - 4:33
PP Forward
1 - 61% - 60% - 3:19
2 - 39% - 40% - 2:09
PP Defense
1 - 53% - 60% - 2:53
2 - 47% - 40% - 2:35
PK Forward
1 - 74% - 60% - 6:35
2 - 26% - 40% - 2:21
PK Defense
1 - 57% - 60% - 5:08
2 - 43% - 40% - 3:48
PK3 Forward
1 - 0% - 60%
2 - 0% - 40%
PK3 Defense
1 - 0% - 60%
2 - 0% - 40%
44 Forward
1 - 54% - 50% - 0:38
2 - 46% - 50% - 0:32
44 Defense
1 - 100% - 60% - 1:10
2 - 0% - 40% - 0:00
Last Minute Offensive  - 0:00
Last Minute Defensive  - 0:00
Total
Forward - 60:00
Defense - 60:00

Play-by-Play

1st period


0:01 of 1st period - Mark Olver wins face-off versus Jamie Arniel in neutral zone.
0:04 of 1st period - Bryan Young is hit by Alex Killorn.
2:12 of 1st period - Quinton Howden is hit by Jordan Schroeder and loses puck.
2:21 of 1st period - Slapshot by Andre Burakovsky.
2:21 of 1st period - Shot Blocked by Bryan Young.
2:40 of 1st period - Simon Despres is hit by Iiro Pakarinen and loses puck.
2:51 of 1st period - Dmitry Sinitsyn is hit by Simon Despres and loses puck.
2:58 of 1st period - Marko Dano is hit by Luca Sbisa and loses puck.
3:13 of 1st period - Anthony Mantha is hit by Petr Pohl and loses puck.
3:38 of 1st period - Snap shot by Mark Jankowski.
3:38 of 1st period - Shot Misses the Net.
3:40 of 1st period - Wrist shot by Mark Jankowski.
3:40 of 1st period - Shot Misses the Net.
3:42 of 1st period - Snap shot by Brendan Woods.
3:42 of 1st period - Shot Blocked by Andre Burakovsky.
4:02 of 1st period - Snap shot by Alex Killorn.
4:02 of 1st period - Stopped by Jean-Francois Berube without a rebound.
4:03 of 1st period - Mark Olver wins face-off versus Marko Dano in Griffins zone.
4:04 of 1st period - Wrist shot by Alex Killorn.
4:04 of 1st period - Deflect By Petter Granberg.
4:04 of 1st period - Shot Misses the Net.
4:04 of 1st period - Puck is out of play.
4:05 of 1st period - Mark Olver wins face-off versus Marko Dano in Griffins zone.
4:33 of 1st period - Snap shot by Petr Pohl.
4:33 of 1st period - Stopped by Jeremy Duchesne with a rebound.
4:37 of 1st period - Wrist shot by Petr Pohl.
4:37 of 1st period - Shot Misses the Net.
4:39 of 1st period - Backhand shot by Petr Pohl.
4:39 of 1st period - Stopped by Jeremy Duchesne with a rebound.
4:41 of 1st period - Snap shot by Jamie Arniel.
4:41 of 1st period - Stopped by Jeremy Duchesne with a rebound.
5:17 of 1st period - Mathieu Carle is hit by J.T. Brown and loses puck.
5:32 of 1st period - Marko Dano is hit by Alex Killorn and loses puck.
6:02 of 1st period - Nathan Gerbe is hit by Justin Bailey and loses puck.
6:25 of 1st period - Snap shot by Jake Guentzel.
6:25 of 1st period - Shot Blocked by J.T. Brown.
6:43 of 1st period - Snap shot by Marko Dano.
6:43 of 1st period - Stopped by Jeremy Duchesne without a rebound.
6:44 of 1st period - Jamie Arniel wins face-off versus Jacob Josefson in Influenza zone.
6:47 of 1st period - Wrist shot by Jamie Arniel.
6:47 of 1st period - Shot Misses the Net.
6:55 of 1st period - Snap shot by Jamie Arniel.
6:55 of 1st period - Stopped by Jeremy Duchesne with a rebound.
6:57 of 1st period - Slapshot by Bryan Young.
6:57 of 1st period - Deflect By Calvin de Haan.
6:57 of 1st period - Stopped by Jeremy Duchesne without a rebound.
6:58 of 1st period - Mark Olver wins face-off versus Marko Dano in Influenza zone.
7:11 of 1st period - Wrist shot by Tye McGinn.
7:11 of 1st period - Deflect By Marko Dano.
7:11 of 1st period - Stopped by Jeremy Duchesne with a rebound.
7:13 of 1st period - Slapshot by Simon Despres.
7:13 of 1st period - Stopped by Jeremy Duchesne with a rebound.
8:11 of 1st period - Wrist shot by Alex Killorn.
8:11 of 1st period - Shot Blocked by Ty Wishart.
8:13 of 1st period - Snap shot by Alex Killorn.
8:13 of 1st period - Shot Misses the Net.
8:15 of 1st period - Wrist shot by Mathieu Carle.
8:15 of 1st period - Deflect By Marko Dano.
8:15 of 1st period - Stopped by Jean-Francois Berube with a rebound.
8:17 of 1st period - Wrist shot by Iiro Pakarinen.
8:17 of 1st period - Stopped by Jean-Francois Berube without a rebound.
8:18 of 1st period - Jamie Arniel wins face-off versus Jake Guentzel in Griffins zone.
8:27 of 1st period - Snap shot by Jimmy Vesey.
8:27 of 1st period - Stopped by Jean-Francois Berube without a rebound.
8:28 of 1st period - Jamie Arniel wins face-off versus Jake Guentzel in Griffins zone.
8:28 of 1st period - Jamie Arniel is hit by Paul Ladue.
8:52 of 1st period - Snap shot by Nathan Gerbe.
8:52 of 1st period - Shot Misses the Net.
9:00 of 1st period - Wrist shot by Jake Guentzel.
9:00 of 1st period - Stopped by Jean-Francois Berube without a rebound.
9:01 of 1st period - Jordan Schroeder wins face-off versus Marko Dano in Griffins zone.
9:02 of 1st period - Snap shot by Justin Bailey.
9:02 of 1st period - Shot Misses the Net.
9:26 of 1st period - Luca Sbisa is hit by Petter Granberg and loses puck.
9:58 of 1st period - Anthony Mantha is hit by Mark Jankowski and loses puck.
10:08 of 1st period - Off-side.
10:09 of 1st period - Mark Olver wins face-off versus Jamie Arniel in neutral zone.
11:38 of 1st period - Snap shot by Alex Killorn.
11:38 of 1st period - Stopped by Jean-Francois Berube with a rebound.
11:40 of 1st period - Wrist shot by Mark Olver.
11:40 of 1st period - Stopped by Jean-Francois Berube without a rebound.
11:41 of 1st period - Mark Jankowski wins face-off versus Mark Olver in Griffins zone.
11:52 of 1st period - Wrist shot by J.T. Brown.
11:52 of 1st period - Stopped by Jeremy Duchesne with a rebound.
12:13 of 1st period - Snap shot by Connor Brown.
12:13 of 1st period - Stopped by Jeremy Duchesne without a rebound.
12:14 of 1st period - Jake Guentzel wins face-off versus Marko Dano in Influenza zone.
12:19 of 1st period - Wrist shot by Jake Guentzel.
12:19 of 1st period - Shot Misses the Net.
12:41 of 1st period - Iiro Pakarinen is hit by Petr Pohl and loses puck.
13:10 of 1st period - Wrist shot by Justin Bailey.
13:10 of 1st period - Shot Misses the Net.
14:06 of 1st period - Snap shot by Iiro Pakarinen.
14:06 of 1st period - Shot Misses the Net.
14:08 of 1st period - Slapshot by Calvin de Haan.
14:08 of 1st period - Deflect By Marko Dano.
14:08 of 1st period - Stopped by Jean-Francois Berube with a rebound.
14:10 of 1st period - Slapshot by Mathieu Carle.
14:10 of 1st period - Shot Misses the Net.
14:12 of 1st period - Wrist shot by Iiro Pakarinen.
14:12 of 1st period - Stopped by Jean-Francois Berube without a rebound.
14:13 of 1st period - Jamie Arniel wins face-off versus Jordan Schroeder in Griffins zone.
15:05 of 1st period - Ben Hanowski is hit by Jake Guentzel and loses puck.
15:27 of 1st period - Snap shot by Brendan Woods.
15:27 of 1st period - Deflect By J.T. Brown.
15:27 of 1st period - Stopped by Jeremy Duchesne with a rebound.
15:29 of 1st period - Wrist shot by Mark Jankowski.
15:29 of 1st period - Deflect By J.T. Brown.
15:29 of 1st period - Shot Misses the Net.
15:29 of 1st period - Puck is out of play.
15:30 of 1st period - Marko Dano wins face-off versus Jordan Schroeder in Influenza zone.
15:31 of 1st period - Snap shot by Connor Brown.
15:31 of 1st period - Stopped by Jeremy Duchesne without a rebound.
15:32 of 1st period - Marko Dano wins face-off versus Mark Olver in Influenza zone.
15:39 of 1st period - Wrist shot by Alex Killorn.
15:39 of 1st period - Shot Misses the Net.
15:41 of 1st period - Snap shot by Mark Olver.
15:41 of 1st period - Stopped by Jean-Francois Berube without a rebound.
15:42 of 1st period - Mark Olver wins face-off versus Connor Brown in Griffins zone.
15:43 of 1st period - Slapshot by Alex Killorn.
15:43 of 1st period - Shot Misses the Net.
15:45 of 1st period - Wrist shot by Mark Olver.
15:45 of 1st period - Shot Misses the Net.
15:51 of 1st period - Slapshot by Mark Olver.
15:51 of 1st period - Stopped by Jean-Francois Berube without a rebound.
15:52 of 1st period - Alex Killorn wins face-off versus Marko Dano in Griffins zone.
16:01 of 1st period - Alex Killorn is hit by Marko Dano and loses puck.
16:26 of 1st period - Slapshot by Marko Dano.
16:26 of 1st period - Stopped by Jeremy Duchesne with a rebound.
16:30 of 1st period - Backhand shot by Connor Brown.
16:30 of 1st period - Shot Misses the Net.
16:32 of 1st period - Slapshot by Bryan Young.
16:32 of 1st period - Stopped by Jeremy Duchesne without a rebound.
16:33 of 1st period - Jake Guentzel wins face-off versus Jamie Arniel in Influenza zone.
17:22 of 1st period - Wrist shot by Mark Jankowski.
17:22 of 1st period - Shot Blocked by Paul Ladue.
17:24 of 1st period - Slapshot by Keith Seabrook.
17:24 of 1st period - Shot Misses the Net.
17:26 of 1st period - Wrist shot by Keith Seabrook.
17:26 of 1st period - Goal by Keith Seabrook - Influenza : 0 - Griffins : 1.
17:27 of 1st period - Jamie Arniel wins face-off versus Mark Olver in neutral zone.
17:40 of 1st period - Snap shot by Jamie Arniel.
17:40 of 1st period - Shot Misses the Net.
17:52 of 1st period - Calvin de Haan is hit by Simon Despres and loses puck.
18:03 of 1st period - Wrist shot by Iiro Pakarinen.
18:03 of 1st period - Stopped by Jean-Francois Berube without a rebound.
18:04 of 1st period - Marko Dano wins face-off versus Jake Guentzel in Griffins zone.
18:04 of 1st period - Marko Dano is hit by Jake Guentzel.
18:07 of 1st period - Minor Penalty to Mirco Mueller for Hooking.
18:08 of 1st period - Jamie Arniel wins face-off versus Mark Olver in Griffins zone.
18:16 of 1st period - Wrist shot by Alex Killorn.
18:16 of 1st period - Shot Blocked by Ty Wishart.
18:18 of 1st period - Slapshot by Mark Olver.
18:18 of 1st period - Goal by Mark Olver - Influenza : 1 - Griffins : 1.
18:19 of 1st period - Jamie Arniel wins face-off versus Jake Guentzel in neutral zone.
18:30 of 1st period - Snap shot by Jamie Arniel.
18:30 of 1st period - Shot Misses the Net.
18:44 of 1st period - Bryan Young is hit by Mathieu Carle and loses puck.
19:04 of 1st period - Off-side.
19:05 of 1st period - Andre Burakovsky wins face-off versus Quinton Howden in neutral zone.
19:15 of 1st period - Wrist shot by Ben Hanowski.
19:15 of 1st period - Stopped by Jeremy Duchesne without a rebound.
19:16 of 1st period - Jamie Arniel wins face-off versus Jake Guentzel in Influenza zone.
19:25 of 1st period - Snap shot by Jimmy Vesey.
19:25 of 1st period - Shot Misses the Net.
19:27 of 1st period - Slapshot by Anthony Mantha.
19:27 of 1st period - Stopped by Jean-Francois Berube without a rebound.
19:28 of 1st period - Mark Olver wins face-off versus Marko Dano in Griffins zone.
19:43 of 1st period - Slapshot by Marko Dano.
19:43 of 1st period - Shot Blocked by Calvin de Haan.
19:53 of 1st period - Petr Pohl is hit by Jimmy Vesey and loses puck.
Goals for this period are 1 for Influenza vs 1 for Griffins.
Shots for this period are 14 for Influenza vs 16 for Griffins.

2nd period


0:01 of 2nd period - Marko Dano wins face-off versus Mark Olver in neutral zone.
0:01 of 2nd period - Connor Brown is hit by Mathieu Carle and loses puck.
0:13 of 2nd period - Slapshot by Calvin de Haan.
0:13 of 2nd period - Stopped by Jean-Francois Berube with a rebound.
0:15 of 2nd period - Snap shot by Mark Olver.
0:15 of 2nd period - Shot Misses the Net.
0:32 of 2nd period - Calvin de Haan is hit by Keith Seabrook and loses puck.
0:49 of 2nd period - Slapshot by Mathieu Carle.
0:49 of 2nd period - Stopped by Jean-Francois Berube without a rebound.
0:50 of 2nd period - Jordan Schroeder wins face-off versus Marko Dano in Griffins zone.
1:31 of 2nd period - Minor Penalty to Iiro Pakarinen for Hooking.
1:32 of 2nd period - Alex Killorn wins face-off versus Jamie Arniel in Influenza zone.
2:12 of 2nd period - Snap shot by Connor Brown.
2:12 of 2nd period - Goal by Connor Brown - Influenza : 1 - Griffins : 2.
2:13 of 2nd period - Jimmy Vesey wins face-off versus Jamie Arniel in neutral zone.
2:26 of 2nd period - Calvin de Haan is hit by Nathan Gerbe and loses puck.
2:41 of 2nd period - Petter Granberg is hit by Alex Killorn and loses puck.
2:48 of 2nd period - Alex Killorn is hit by Tye McGinn and loses puck.
3:03 of 2nd period - Slapshot by Andre Burakovsky.
3:03 of 2nd period - Deflect By Jordan Schroeder.
3:03 of 2nd period - Stopped by Jean-Francois Berube without a rebound.
3:04 of 2nd period - Jamie Arniel wins face-off versus Jordan Schroeder in Griffins zone.
3:57 of 2nd period - Snap shot by Tye McGinn.
3:57 of 2nd period - Stopped by Jeremy Duchesne without a rebound.
3:58 of 2nd period - Marko Dano wins face-off versus Mark Olver in Influenza zone.
4:53 of 2nd period - Off-side.
4:54 of 2nd period - Jake Guentzel wins face-off versus Marko Dano in neutral zone.
5:02 of 2nd period - Off-side.
5:03 of 2nd period - Marko Dano wins face-off versus Jake Guentzel in neutral zone.
5:11 of 2nd period - Off-side.
5:12 of 2nd period - Marko Dano wins face-off versus Jake Guentzel in neutral zone.
6:02 of 2nd period - Ben Hanowski is hit by Tim Erixon and loses puck.
6:27 of 2nd period - Ty Wishart is hit by Dmitry Sinitsyn and loses puck.
6:46 of 2nd period - Snap shot by Jimmy Vesey.
6:46 of 2nd period - Stopped by Jean-Francois Berube with a rebound.
6:48 of 2nd period - Wrist shot by Jake Guentzel.
6:48 of 2nd period - Shot Misses the Net.
6:50 of 2nd period - Wrist shot by Anthony Mantha.
6:50 of 2nd period - Goal by Anthony Mantha - Influenza : 2 - Griffins : 2.
6:51 of 2nd period - Jamie Arniel wins face-off versus Jake Guentzel in neutral zone.
6:54 of 2nd period - Mathieu Carle is hit by Simon Despres and loses puck.
7:03 of 2nd period - Wrist shot by Jamie Arniel.
7:03 of 2nd period - Shot Misses the Net.
7:46 of 2nd period - Minor Penalty to Ian McCoshen for Tripping.
7:47 of 2nd period - Mark Olver wins face-off versus Jamie Arniel in Griffins zone.
7:57 of 2nd period - Snap shot by Mark Olver.
7:57 of 2nd period - Stopped by Jean-Francois Berube with a rebound.
8:49 of 2nd period - Simon Despres is hit by Jake Guentzel and loses puck.
9:46 of 2nd period - Penalty to Ian McCoshen is over, Ian McCoshen is back on ice.
10:14 of 2nd period - Ty Wishart is hit by Dmitry Sinitsyn and loses puck.
11:31 of 2nd period - Keith Seabrook is hit by Paul Ladue and loses puck.
12:15 of 2nd period - Wrist shot by Marko Dano.
12:15 of 2nd period - Shot Hit the Post.
12:23 of 2nd period - Minor Penalty to Tye McGinn for Tripping.
12:24 of 2nd period - Mark Olver wins face-off versus Jamie Arniel in Griffins zone.
12:29 of 2nd period - Wrist shot by Alex Killorn.
12:29 of 2nd period - Stopped by Jean-Francois Berube without a rebound.
12:30 of 2nd period - Jamie Arniel wins face-off versus Mark Olver in Griffins zone.
12:39 of 2nd period - Slapshot by Mathieu Carle.
12:39 of 2nd period - Deflect By Ty Wishart.
12:39 of 2nd period - Stopped by Jean-Francois Berube without a rebound.
12:40 of 2nd period - Iiro Pakarinen wins face-off versus Jamie Arniel in Griffins zone.
13:15 of 2nd period - Slapshot by Calvin de Haan.
13:15 of 2nd period - Deflect By Jimmy Vesey.
13:15 of 2nd period - Stopped by Jean-Francois Berube with a rebound.
13:17 of 2nd period - Snap shot by Jake Guentzel.
13:17 of 2nd period - Shot Misses the Net.
14:23 of 2nd period - Penalty to Tye McGinn is over, Tye McGinn is back on ice.
14:46 of 2nd period - Minor Penalty to Keith Seabrook for Hooking.
14:47 of 2nd period - Jamie Arniel wins face-off versus Mark Olver in Griffins zone.
15:35 of 2nd period - Minor Penalty to Anthony Mantha for Roughing.
15:36 of 2nd period - Alex Killorn wins face-off versus Jamie Arniel in Influenza zone.
15:40 of 2nd period - Slapshot by Jamie Arniel.
15:40 of 2nd period - Shot Misses the Net.
15:53 of 2nd period - Calvin de Haan is hit by Petr Pohl and loses puck.
16:12 of 2nd period - Wrist shot by Marko Dano.
16:12 of 2nd period - Shot Blocked by Alex Killorn.
16:44 of 2nd period - Wrist shot by Lucas Lessio.
16:44 of 2nd period - Shot Misses the Net.
16:46 of 2nd period - Penalty to Keith Seabrook is over, Keith Seabrook is back on ice.
16:58 of 2nd period - Wrist shot by Nathan Gerbe.
16:58 of 2nd period - Shot Misses the Net.
17:00 of 2nd period - Slapshot by Nathan Gerbe.
17:00 of 2nd period - Shot Hit the Post.
17:02 of 2nd period - Snap shot by Keith Seabrook.
17:02 of 2nd period - Deflect By Alex Killorn.
17:02 of 2nd period - Shot Blocked by Tim Erixon.
17:02 of 2nd period - Puck is out of play.
17:03 of 2nd period - Alex Killorn wins face-off versus Jamie Arniel in Influenza zone.
17:07 of 2nd period - Off-side.
17:08 of 2nd period - Jamie Arniel wins face-off versus Alex Killorn in neutral zone.
17:35 of 2nd period - Penalty to Anthony Mantha is over, Anthony Mantha is back on ice.
17:35 of 2nd period - Snap shot by Tye McGinn.
17:35 of 2nd period - Stopped by Jeremy Duchesne without a rebound.
17:36 of 2nd period - Marko Dano wins face-off versus Jake Guentzel in Influenza zone.
17:45 of 2nd period - Wrist shot by Jimmy Vesey.
17:45 of 2nd period - Shot Misses the Net.
17:47 of 2nd period - Snap shot by Jake Guentzel.
17:47 of 2nd period - Stopped by Jean-Francois Berube with a rebound.
17:49 of 2nd period - Slapshot by Anthony Mantha.
17:49 of 2nd period - Shot Misses the Net.
17:51 of 2nd period - Snap shot by Jake Guentzel.
17:51 of 2nd period - Shot Misses the Net.
17:57 of 2nd period - Minor Penalty to Marko Dano for Tripping.
17:58 of 2nd period - Mark Olver wins face-off versus Ben Hanowski in Griffins zone.
18:48 of 2nd period - Jamie Arniel is hit by Iiro Pakarinen and loses puck.
18:59 of 2nd period - Mathieu Carle is hit by Tye McGinn and loses puck.
19:18 of 2nd period - Ty Wishart is hit by Anthony Mantha and loses puck.
19:57 of 2nd period - Penalty to Marko Dano is over, Marko Dano is back on ice.
Goals for this period are 1 for Influenza vs 1 for Griffins.
Shots for this period are 10 for Influenza vs 3 for Griffins.

3rd period


0:01 of 3rd period - Jamie Arniel wins face-off versus Mark Olver in neutral zone.
0:36 of 3rd period - Slapshot by Bryan Young.
0:36 of 3rd period - Shot Misses the Net.
0:46 of 3rd period - Slapshot by Tim Erixon.
0:46 of 3rd period - Shot Blocked by Ben Hanowski.
0:51 of 3rd period - Icing by Ty Wishart.
0:52 of 3rd period - Quinton Howden wins face-off versus Jordan Schroeder in Griffins zone.
0:52 of 3rd period - Quinton Howden is hit by Jordan Schroeder.
1:13 of 3rd period - Slapshot by Robert Dome.
1:13 of 3rd period - Stopped by Jeremy Duchesne without a rebound.
1:14 of 3rd period - Jamie Arniel wins face-off versus Mark Olver in Influenza zone.
2:24 of 3rd period - Ben Hanowski is hit by Paul Ladue and loses puck.
2:41 of 3rd period - Wrist shot by Quinton Howden.
2:41 of 3rd period - Goal by Quinton Howden - Influenza : 2 - Griffins : 3.
2:42 of 3rd period - Jamie Arniel wins face-off versus Mark Olver in neutral zone.
3:15 of 3rd period - Slapshot by Calvin de Haan.
3:15 of 3rd period - Stopped by Jean-Francois Berube without a rebound.
3:16 of 3rd period - Jamie Arniel wins face-off versus Mark Olver in Griffins zone.
3:21 of 3rd period - Wrist shot by Petr Pohl.
3:21 of 3rd period - Shot Misses the Net.
3:23 of 3rd period - Snap shot by Jamie Arniel.
3:23 of 3rd period - Shot Blocked by Iiro Pakarinen.
3:27 of 3rd period - Snap shot by Nathan Gerbe.
3:27 of 3rd period - Stopped by Jeremy Duchesne with a rebound.
3:31 of 3rd period - Wrist shot by Nathan Gerbe.
3:31 of 3rd period - Stopped by Jeremy Duchesne without a rebound.
3:32 of 3rd period - Tye McGinn wins face-off versus Jake Guentzel in Influenza zone.
3:33 of 3rd period - Slapshot by Connor Brown.
3:33 of 3rd period - Stopped by Jeremy Duchesne with a rebound.
3:59 of 3rd period - Simon Despres is hit by Calvin de Haan and loses puck.
4:41 of 3rd period - Icing by Mirco Mueller.
4:42 of 3rd period - Mark Jankowski wins face-off versus Jacob Josefson in Griffins zone.
4:42 of 3rd period - Mark Jankowski is hit by Lucas Lessio.
4:55 of 3rd period - Minor Penalty to Tom Kuhnhackl for Slashing.
4:56 of 3rd period - Jamie Arniel wins face-off versus Mark Olver in Influenza zone.
6:55 of 3rd period - Penalty to Tom Kuhnhackl is over, Tom Kuhnhackl is back on ice.
6:59 of 3rd period - Off-side.
7:00 of 3rd period - Jordan Schroeder wins face-off versus Mark Jankowski in neutral zone.
7:02 of 3rd period - Off-side.
7:03 of 3rd period - Jordan Schroeder wins face-off versus Mark Jankowski in neutral zone.
8:56 of 3rd period - Slapshot by Calvin de Haan.
8:56 of 3rd period - Shot Misses the Net.
8:58 of 3rd period - Wrist shot by Jake Guentzel.
8:58 of 3rd period - Shot Misses the Net.
9:00 of 3rd period - Snap shot by Anthony Mantha.
9:00 of 3rd period - Stopped by Jean-Francois Berube without a rebound.
9:01 of 3rd period - Jake Guentzel wins face-off versus Petr Pohl in Griffins zone.
9:07 of 3rd period - Minor Penalty to Mirco Mueller for Interference.
9:08 of 3rd period - Mark Olver wins face-off versus Jamie Arniel in Griffins zone.
9:08 of 3rd period - Wrist shot by Alex Killorn.
9:08 of 3rd period - Shot Blocked by Bryan Young.
9:10 of 3rd period - Wrist shot by Mark Olver.
9:10 of 3rd period - Shot Misses the Net.
9:54 of 3rd period - Off-side.
9:55 of 3rd period - Mark Olver wins face-off versus Tye McGinn in neutral zone.
10:26 of 3rd period - Wrist shot by Tim Erixon.
10:26 of 3rd period - Shot Misses the Net.
11:07 of 3rd period - Penalty to Mirco Mueller is over, Mirco Mueller is back on ice.
11:22 of 3rd period - Snap shot by Connor Brown.
11:22 of 3rd period - Shot Misses the Net.
11:36 of 3rd period - Wrist shot by J.T. Brown.
11:36 of 3rd period - Shot Misses the Net.
11:38 of 3rd period - Slapshot by Keith Seabrook.
11:38 of 3rd period - Stopped by Jeremy Duchesne without a rebound.
11:39 of 3rd period - Mark Jankowski wins face-off versus Jacob Josefson in Influenza zone.
11:40 of 3rd period - Snap shot by J.T. Brown.
11:40 of 3rd period - Stopped by Jeremy Duchesne without a rebound.
11:41 of 3rd period - Jacob Josefson wins face-off versus Jamie Arniel in Influenza zone.
11:53 of 3rd period - Snap shot by Tom Kuhnhackl.
11:53 of 3rd period - Goal by Tom Kuhnhackl - Influenza : 3 - Griffins : 3.
11:54 of 3rd period - Jamie Arniel wins face-off versus Mark Olver in neutral zone.
11:59 of 3rd period - Slapshot by Simon Despres.
11:59 of 3rd period - Shot Misses the Net.
12:07 of 3rd period - Slapshot by Calvin de Haan.
12:07 of 3rd period - Stopped by Jean-Francois Berube with a rebound.
12:57 of 3rd period - Slapshot by Jamie Arniel.
12:57 of 3rd period - Stopped by Jeremy Duchesne without a rebound.
12:58 of 3rd period - Marko Dano wins face-off versus Iiro Pakarinen in Influenza zone.
13:14 of 3rd period - Backhand shot by Alex Killorn.
13:14 of 3rd period - Stopped by Jean-Francois Berube with a rebound.
13:28 of 3rd period - Justin Bailey is hit by Petter Granberg and loses puck.
13:55 of 3rd period - Wrist shot by Mark Jankowski.
13:55 of 3rd period - Stopped by Jeremy Duchesne with a rebound.
13:57 of 3rd period - Snap shot by J.T. Brown.
13:57 of 3rd period - Stopped by Jeremy Duchesne without a rebound.
13:58 of 3rd period - Mark Olver wins face-off versus Marko Dano in Influenza zone.
15:03 of 3rd period - Calvin de Haan is hit by J.T. Brown and loses puck.
15:35 of 3rd period - Bryan Young is hit by Calvin de Haan and loses puck.
15:40 of 3rd period - Snap shot by Iiro Pakarinen.
15:40 of 3rd period - Goal by Iiro Pakarinen - Influenza : 4 - Griffins : 3.
15:41 of 3rd period - Mark Olver wins face-off versus Quinton Howden in neutral zone.
15:44 of 3rd period - Simon Despres is hit by Paul Ladue and loses puck.
15:49 of 3rd period - Snap shot by Alex Killorn.
15:49 of 3rd period - Shot Blocked by Robert Dome.
15:51 of 3rd period - Slapshot by Tim Erixon.
15:51 of 3rd period - Goal by Tim Erixon - Influenza : 5 - Griffins : 3.
15:52 of 3rd period - Ben Hanowski wins face-off versus Mark Olver in neutral zone.
15:57 of 3rd period - Slapshot by Robert Dome.
15:57 of 3rd period - Deflect By Ben Hanowski.
15:57 of 3rd period - Shot Misses the Net.
15:57 of 3rd period - Puck is out of play.
15:58 of 3rd period - Mark Olver wins face-off versus Quinton Howden in Influenza zone.
16:24 of 3rd period - Wrist shot by Petr Pohl.
16:24 of 3rd period - Deflect By Nathan Gerbe.
16:24 of 3rd period - Shot Blocked by Mathieu Carle.
16:24 of 3rd period - Puck is out of play.
16:25 of 3rd period - Jamie Arniel wins face-off versus Jordan Schroeder in Influenza zone.
16:34 of 3rd period - Jamie Arniel is hit by Andre Burakovsky and loses puck.
16:40 of 3rd period - Icing by Nathan Gerbe.
16:41 of 3rd period - Jamie Arniel wins face-off versus Mark Olver in Griffins zone.
17:28 of 3rd period - Minor Penalty to Calvin de Haan for Hooking.
17:29 of 3rd period - Alex Killorn wins face-off versus Jamie Arniel in Influenza zone.
19:16 of 3rd period - Slapshot by Petr Pohl.
19:16 of 3rd period - Shot Misses the Net.
19:28 of 3rd period - Penalty to Calvin de Haan is over, Calvin de Haan is back on ice.
Goals for this period are 3 for Influenza vs 1 for Griffins.
Shots for this period are 7 for Influenza vs 10 for Griffins.